 Dungeon Crawl Stone Soup version 0.23.1 (webtiles) character file.

Game seed: 12807316895346009422

1624 kae the Covert (level 8, -2/73 HPs)
             Began as a Naga Enchanter on Mar 17, 2019.
             Was an Initiate of Ru.
             Slain by a killer bee (5 damage)
             ... on level 7 of the Dungeon.
             The game lasted 00:14:38 (7343 turns).

kae the Covert (Naga Enchanter)                     Turns: 7343, Time: 00:14:39

Health: -2/73      AC:  7    Str: 15    XL:     8   Next: 97%
Magic:  15/15      EV: 10    Int: 18    God:    Ru [......]
Gold:   148        SH:  0    Dex: 12    Spells: 9/16 levels left

rFire    + . .     SeeInvis +   a - +0 glaive
rCold    + . .     Gourm    .   (shield currently unavailable)
rNeg     . . .     Faith    .   i - +0 robe
rPois    +         Spirit   .   z - +2 helmet
rElec    .         Reflect  .   c - scarf {rC+ rF+}
rCorr    .         Harm     .   y - +0 pair of gloves
MR       +....                  (no barding)
Stlth    ++++......             g - amulet of regeneration
HPRegen  0.62/turn              (no ring)
MPRegen  0.14/turn              (no ring)

@: mighty, lethally poisoned (-2 -> -3), confusing touch, flying, very slow
A: large, see invisible, deformed body, poison resistance, slowness 2, slow
metabolism 1, spit poison 1, AC +2
a: Spit Poison, Renounce Religion


You were on level 7 of the Dungeon.
You worshipped Ru.
Ru was noncommittal.
You were not hungry.

You visited 2 branches of the dungeon, and saw 8 of its levels.

You collected 280 gold pieces.
You spent 132 gold pieces at shops.

Inventory:

Hand Weapons
 a - a +0 glaive (weapon)
 b - a +2 dagger
 s - a +0 spear
Armour
 c - a scarf of resistance (worn)
 i - a +0 robe (worn)
 y - a +0 pair of gloves (worn)
 z - a +2 helmet (worn)
Jewellery
 g - an amulet of regeneration (around neck)
 h - an uncursed amulet of regeneration
 r - an uncursed ring of positive energy {unknown}
Wands
 u - a wand of enslavement (9)
 A - a wand of random effects (7)
Scrolls
 e - 2 scrolls of immolation
 f - 5 scrolls of remove curse
 o - 5 scrolls of teleportation
 q - 2 scrolls of amnesia
Potions
 k - a potion of flight
 l - a potion of magic {unknown}
 n - 3 potions of mutation
 p - 2 potions of berserk rage {unknown}
 t - a potion of agility {unknown}
 v - a potion of lignification
 w - a potion of degeneration
 x - 2 potions of haste {unknown}
Comestibles
 d - 10 rations


   Skills:
 + Level 4.7 Fighting
 - Level 1.0 Short Blades
 * Level 3.1 Polearms
 - Level 1.5 Dodging
 - Level 10.3 Stealth
 + Level 4.8 Spellcasting
 + Level 5.7 Hexes


You had 9 spell levels left.
You knew the following spells:

 Your Spells              Type           Power        Failure   Level  Hunger
a - Corona                Hex            ###....      1%          1    None
b - Ensorcelled Hibernat  Hex/Ice        ##....       6%          2    #......
c - Confusing Touch       Hex            ###...       1%          1    None
d - Confuse               Hex            ###.....     3%          3    ###....

Your spell library contained the following spells:

 Spells                   Type           Power        Failure   Level  Hunger
 Tukima's Dance           Hex            ###.....     3%          3    ###....
 Dazzling Spray           Conj/Hex       ##....       13%         3    ###....


Dungeon Overview and Level Annotations

Branches:
Dungeon (7/15)             Temple (1/1) D:5

Altars:
Ashenzari
Cheibriados
Dithmenos
Elyvilon
Fedhas
Gozag
Hepliaklqana
Kikubaaqudgha
Makhleb
Nemelex Xobeh
Ru
Sif Muna
Trog
Uskayaw
Vehumet
Wu Jian
Xom
Yredelemnul
The Shining One

Shops:
D:4 !   D:5 (


Innate Abilities, Weirdness & Mutations

You cannot wear boots.
Your serpentine skin is tough. (AC +2)
You have supernaturally acute eyesight. (SInv)
Armour fits poorly on your strangely shaped body.
Your system is resistant to poisons. (rPois)
You cover ground very slowly.
You have a slow metabolism.
You can spit poison.


Message History

You are poisoned.
The killer bee poisons you! The killer bee closely misses you.
You closely miss the killer bee.
You feel sick.
The killer bee barely misses you. x2; The killer bee stings you!
* * * LOW HITPOINT WARNING * * *
You feel better. The killer bee stings you.
* * * LOW HITPOINT WARNING * * *
The killer bee stings you.
* * * LOW HITPOINT WARNING * * *
Okay, then.
You feel very mighty all of a sudden. The killer bee stings you.
* * * LOW HITPOINT WARNING * * *
You are poisoned.
The killer bee poisons you! The killer bee stings you.
* * * LOW HITPOINT WARNING * * *
It was a potion of flight.
You feel very buoyant.
You fly up into the air.
You feel sick. The killer bee stings you.
You die...

......##.#.######
................
###......#.#######
..................
########.#.#######
...............
#.###.#.......#
#.#.......#
#@#.......#
###y#.......#
#....#####...
#....# ### #....#
. ###.#### .y.
#......#
.....#.y....#
.y...........#


You could see 2 killer bees.

Vanquished Creatures
  A hippogriff (D:7)
  Sigmund (D:2)
  An ice beast (D:5)
  An ogre (D:5)
  2 phantoms (D:4)
  A centaur (D:6)
  A bullfrog (D:6)
  A crimson imp (D:6)
  2 hounds (D:4)
  3 jellies
  6 orc wizards
  Crazy Yiuf (D:3)
  Jessica (D:3)
  A bullfrog skeleton (D:6)
  A killer bee zombie (D:7)
  4 worker ants
  Robin (D:2)
  8 adders
  A shadow imp (D:5)
  2 oozes
  3 worms
  5 dart slugs
  5 leopard geckos
  18 orcs
  7 bats
  3 giant cockroaches
  17 goblins
  11 hobgoblins
  11 jackals
  5 quokkas
  3 ball pythons
  10 frilled lizards
  7 kobolds
  8 rats
153 creatures vanquished.

Notes
Turn   | Place    | Note
-------+----------+-------------------------------------------
     0 | D:1      | kae the Naga Enchanter began the quest for the Orb.
     0 | D:1      | Reached XP level 1. HP: 15/15 MP: 3/3
     6 | D:1      | Noticed a hound
     6 | D:1      | Noticed a swamp drake
     6 | D:1      | Noticed a lindwurm
   103 | D:1      | Reached XP level 2. HP: 19/24 MP: 3/5
   271 | D:1      | Learned a level 2 spell: Ensorcelled Hibernation
   324 | D:1      | Reached skill level 5 in Stealth
   414 | D:1      | Reached XP level 3. HP: 5/30 MP: 0/6
   753 | D:1      | Reached skill level 1 in Fighting
  1077 | D:2      | Found a white marble altar of Elyvilon.
  1421 | D:2      | Reached XP level 4. HP: 38/38 MP: 7/7
  1555 | D:2      | Noticed Robin
  1579 | D:2      | Killed Robin
  1596 | D:2      | Reached skill level 6 in Stealth
  2533 | D:3      | Reached XP level 5. HP: 41/45 MP: 5/9
  2804 | D:3      | Reached skill level 7 in Stealth
  2964 | D:3      | Found a radiant altar of Vehumet.
  2964 | D:3      | Found an ancient bone altar of Kikubaaqudgha.
  2965 | D:3      | Found a deep blue altar of Sif Muna.
  2988 | D:3      | Identified Sif Muna's Compendium of Execration
  3289 | D:3      | Noticed Jessica
  3297 | D:3      | Killed Jessica
  3297 | D:3      | Reached XP level 6. HP: 52/52 MP: 7/10
  3525 | D:3      | Found a runed translucent door.
  3526 | D:3      | Noticed Crazy Yiuf
  3597 | D:3      | Found a blossoming altar of Fedhas.
  3729 | D:2      | Noticed Sigmund
  3734 | D:2      | Killed Sigmund
  3734 | D:2      | Reached skill level 8 in Stealth
  3971 | D:3      | Learned a level 1 spell: Confusing Touch
  3975 | D:3      | Learned a level 3 spell: Confuse
  3985 | D:3      | Killed Crazy Yiuf
  3985 | D:3      | Reached XP level 7. HP: 52/61 MP: 12/12
  4476 | D:4      | Reached skill level 9 in Stealth
  4915 | D:4      | Found Bur Men's Distillery.
  4924 | D:4      | Bought a potion of lignification for 33 gold pieces
  4924 | D:4      | Bought a potion of degeneration for 11 gold pieces
  4924 | D:4      | Bought a potion of mutation for 88 gold pieces
  5266 | D:5      | Entered Level 5 of the Dungeon
  5282 | D:5      | Reached XP level 8. HP: 72/72 MP: 10/14
  5350 | D:5      | Found a staircase to the Ecumenical Temple.
  5444 | D:5      | Found Miuklub's Antique Weapon Shoppe.
  5695 | D:5      | Reached skill level 10 in Stealth
  6003 | D:5      | Reached skill level 5 in Hexes
  6340 | Temple   | Entered the Ecumenical Temple
  6395 | Temple   | Became a worshipper of Ru the Awakened
  6479 | D:6      | Found a sparkling altar of Nemelex Xobeh.
  6727 | D:6      | Reached skill level 1 in Polearms
  6933 | D:6      | Found a bloodstained altar of Trog.
  7140 | D:7      | Noticed a hippogriff
  7154 | D:7      | Killed a hippogriff
  7343 | D:7      | HP: 3/73 [poisoned by a killer bee]
  7343 | D:7      | Slain by a killer bee

Skill      XL: |  1  2  3  4  5  6  7  8 |
---------------+-------------------------+-----
Stealth        | 5 6 7 8 9 10 | 10.3
Fighting       | 1 2 3 4 |  4.7
Spellcasting   | 3 4 |  4.8
Hexes          | 4 5 |  5.7
Polearms       | 3 |  3.1
Short Blades   | |  1.0
Dodging        | |  1.5

Action                   |  1- 3 |  4- 6 |  7- 9 || total
-------------------------+-------+-------+-------++-------
Melee: Dagger            |    60 |   221 |   166 ||   447
       Spear             |       |       |   129 ||   129
       Glaive            |       |       |    25 ||    25
 Cast: Corona            |     3 |     3 |     2 ||     8
       Ensorcelled Hiber |     8 |    38 |    36 ||    82
       Confusing Touch   |       |     1 |    32 ||    33
       Confuse           |       |       |     6 ||     6
 Abil: Spit Poison       |     3 |    10 |     3 ||    16
  Use: Scroll            |       |     6 |     4 ||    10
       Potion            |       |     1 |     6 ||     7
 Stab: Sleeping          |    15 |    31 |    30 ||    76
       Distracted        |     1 |       |       ||     1
       Confused          |       |     2 |    16 ||    18
  Eat: Chunk             |     2 |     9 |    12 ||    23
Armor: Robe              |     8 |    37 |   102 ||   147
Dodge: Dodged            |    25 |   122 |   146 ||   293
